 Dungeon Crawl Stone Soup version 0.30.0-5-g1a98f26d00 (webtiles) character file.

Game seed: 10823089029433542802

3055 meatpath the Shield-Bearer (level 9, -2/45 HPs)
             Began as a Gargoyle Earth Elementalist on May 11, 2023.
             Was a Follower of Vehumet.
             Shot with a bolt by an orc warrior (13 damage)
             ... on level 7 of the Dungeon.
             The game lasted 00:43:27 (8552 turns).

meatpath the Shield-Bearer (GrEE)                   Turns: 8552, Time: 00:43:28

Health: -2/45      AC: 18    Str: 11    XL:     9   Next: 87%
Magic:  4/18       EV: 10    Int: 21    God:    Vehumet [*.....]
Gold:   435        SH:  0    Dex: 10    Spells: 16/20 levels left

rFire   . . .        C - +2 dagger (venom)
rCold   . . .        (no shield)
rNeg    + . .        r - +0 ring mail
rPois   ∞            q - +2 hat
rElec   +            p - scarf {+Inv}
rCorr   +            (no gloves)
SInv    .            o - +0 pair of boots
Will    .....        (no amulet)
Stlth   +            j - +4 ring of protection
HPRegen 0.27/turn    d - ring of resist corrosion
MPRegen 0.16/turn

%: no passive effects
@: no status effects
A: sickness immunity, AC +6, negative energy resistance 1, electricity
resistance, torment resistance 1, petrification resistance
a: Renounce Religion, Evoke Invisibility


You were on level 7 of the Dungeon.
You worshipped Vehumet.
Vehumet was aware of your devotion.
You visited 2 branches of the dungeon, and saw 8 of its levels.
You also visited: Sewer.

You collected 435 gold pieces.

Inventory:

Hand Weapons
 u - a +2 spear of freezing
 v - a +2 heavy flail
 x - a +2 dagger of draining
 B - a +1 mace of protection
 C - a +2 dagger of venom (weapon)
 H - a +2 whip of venom
Missiles
 i - 3 silver javelins
 k - 14 poisoned darts
Armour
 o - a +0 pair of boots (worn)
 p - a scarf of invisibility (worn)
 q - a +2 hat (worn)
 r - a +0 ring mail (worn)
 w - a +1 kite shield
Jewellery
 d - a ring of resist corrosion (right hand)
 j - a +4 ring of protection (left hand)
 l - a ring of positive energy
Wands
 D - a wand of flame (31)
 M - a wand of paralysis (5)
Scrolls
 a - a scroll of fear
 c - a scroll of magic mapping {unknown}
 f - a scroll of vulnerability {unknown}
 g - 3 scrolls of enchant armour
 h - a scroll of immolation {unknown}
 m - a scroll of amnesia {unknown}
 s - 4 scrolls of noise
 t - 2 scrolls of poison
 y - a scroll of brand weapon {unknown}
 F - a scroll of blinking {unknown}
 J - a scroll of fog {unknown}
 N - 3 scrolls of teleportation
Potions
 b - a potion of magic
 e - a potion of berserk rage {unknown}
 n - 3 potions of cancellation
 z - a potion of ambrosia {unknown}
 A - 2 potions of might {unknown}
 E - a potion of flight {unknown}
 G - 2 potions of haste {unknown}
 I - 2 potions of heal wounds {unknown}
 K - a potion of resistance {unknown}
 L - 4 potions of curing
 O - a potion of attraction {unknown}


   Skills:
 - Level 1.5 Dodging
 - Level 2.1 Stealth
 + Level 7.4 Shields
 + Level 6.0 Spellcasting
 - Level 7.1 Conjurations
 - Level 4.0 Transmutations
 + Level 7.1 Earth Magic


You had 16 spell levels left.
You knew the following spells:

 Your Spells              Type           Power      Damage    Failure   Level
a - Sandblast             Erth           72%        2d16      1%          1
b - Stone Arrow           Conj/Erth      72%        3d11      3%          3

Your spell library contained the following spells:

 Spells                   Type           Power      Damage    Failure   Level
 Magic Dart               Conj           100%       1d8       1%          1
 Passwall                 Tmut/Erth      24%        N/A       3%          2
 Static Discharge         Conj/Air       42%        2-4/arc   9%          2
 Dazzling Flash           Conj/Hex       42%        N/A       17%         3
 Apportation              Tloc           12%        N/A       24%         1
 Necrotise                Necr           24%        1d5       24%         1
 Summon Small Mammal      Summ           24%        N/A       24%         1
 Petrify                  Tmut/Erth      29%        N/A       24%         4
 Scorch                   Fire           12%        2d6       34%         2
 Flame Wave               Conj/Fire      21%        2d8       50%         4
 Iskenderun's Mystic Bla  Conj/Tloc      21%        2d6       50%         4
 Vampiric Draining        Necr           6%         2d6       56%         3
 Volatile Blastmotes      Fire/Tloc      12%        2d11      56%         3
 Airstrike                Air            3%         2d(1-17)  93%         4
 Summon Lightning Spire   Summ/Air       6%         N/A       93%         4
 Agony                    Necr           6%         N/A       100%        5
 Starburst                Conj/Fire      10%        6d5       100%        6
 Summon Cactus Giant      Summ           3%         N/A       100%        6


Dungeon Overview and Level Annotations

Branches:
Dungeon (7/15)             Temple (1/1) D:5           Sewer (visited)

Altars:
Cheibriados
Dithmenos
Elyvilon
Fedhas
Gozag
Hepliaklqana
Kikubaaqudgha
Makhleb
Nemelex Xobeh
Okawaru
Qazlal
Sif Muna
Trog
Uskayaw
Vehumet
Wu Jian
Yredelemnul
Zin

Shops:
D:4 *

Annotations:
D:5 1 runed translucent door, Crazy Yiuf


Innate Abilities, Weirdness & Mutations

You are immune to sickness and miasma.
Your stone body is resilient. (AC +6)
You are immune to poison.
You resist negative energy. (rN+)
You are resistant to electric shocks. (rElec)
You are resistant to unholy torment.
You are immune to petrification.


Message History

Aiming: Stone Arrow (dangerous; 3% risk of failure)
Press: ? - help, Shift-Dir - straight line, f - orc wizard
Aim: an orc wizard, wielding a +0 dagger and wearing a +0 robe (67% to hit)
The stone arrow misses the orc wizard.
The orc warrior shoots a bolt.
The bolt hits you but does no damage.
Casting: Stone Arrow (dangerous; 3% risk of failure)
Confirm with . or Enter, or press ? or * to list all spells.
Aiming: Sandblast (safe; 1% risk of failure)
Press: ? - help, Shift-Dir - straight line, f/p - orc wizard
Aim: an orc wizard, wielding a +0 dagger and wearing a +0 robe (80% to hit)
The blast of sand hits the orc wizard.
The orc wizard is moderately wounded.
The orc warrior shoots a bolt.
The bolt hits you but does no damage.
The orc wizard gestures at you while chanting.
You easily resist.
The orc warrior shoots a bolt.
The bolt hits you!
Casting: Sandblast (safe; 1% risk of failure)
Confirm with . or Enter, or press ? or * to list all spells.
Aiming: Stone Arrow (dangerous; 3% risk of failure)
Press: ? - help, Shift-Dir - straight line, f/p - orc wizard
Aim: an orc wizard, wielding a +0 dagger and wearing a +0 robe (moderately wounded, 67% to hit)
The stone arrow hits the orc wizard!!
You kill the orc wizard!
Vehumet accepts your kill.
Casting: Stone Arrow (dangerous; 3% risk of failure)
Confirm with . or Enter, or press ? or * to list all spells.
Aiming: Stone Arrow (dangerous; 3% risk of failure)
Press: ? - help, Shift-Dir - straight line, f - orc warrior
Aim: an orc warrior, wielding a +0 arbalest and wearing a +0 chain mail (71% to hit)
The stone arrow hits the orc warrior.
The orc warrior is moderately wounded.
The orc warrior unwields a +0 arbalest.
The orc warrior wields a +0 halberd.
The orc warrior hits you with a +0 halberd!
The orc warrior attacks as you move away!
The orc warrior barely misses you.
The orc warrior unwields a +0 halberd.
The orc warrior wields a +0 arbalest.
The orc warrior shoots a bolt.
The bolt barely misses you.
The orc warrior shoots a bolt.
The bolt hits you!
* * * LOW HITPOINT WARNING * * *
The orc warrior shoots a bolt.
The bolt hits you!
You die...

..#.#.#..# .# #.#.#.#..#
.#. ##.#.#....# . ...
..#...o..# #.##.##.#..
... .......#.###)# .#
#......).#)# #...#
##......o.# #...#
#.@#.....# #...#
........###..## #....
.....#.##....#######...#
.... #. #.##........>...
... ...................
.. .#..................
. .#...........###...# .
#........##.# #....
#........##.###...#


You could see an orc warrior.

Vanquished Creatures
  4 yaks (D:5)
  Eustachio (D:5)
  A water moccasin (D:6)
  An orc warrior (D:7)
  3 black bears
  2 ogres
  2 centaurs
  3 phantoms
  A kobold brigand (Sewer)
  A bullfrog (D:6)
  3 scorpions
  3 hounds (D:5)
  3 orc priests
  2 gnoll boudas (D:4)
  A jelly (D:6)
  5 iguanas
  Ijyb (D:5)
  5 orc wizards
  A sleepcap (D:4)
  Robin (D:4)
  17 gnolls
  10 adders
  A river rat (Sewer)
  10 worms
  2 dart slugs
  21 orcs
  6 bats
  6 endoplasms
  3 giant cockroaches
  24 goblins
  9 hobgoblins
  3 jackals (D:3)
  11 kobolds
  2 quokkas (D:2)
  10 ball pythons
  2 frilled lizards
  8 rats
189 creatures vanquished.

Notes
Turn   | Place    | Note
-------+----------+-------------------------------------------
     0 | D:1      | meatpath the Gargoyle Earth Elementalist began the quest
                  | for the Orb.
     0 | D:1      | Reached XP level 1. HP: 10/10 MP: 3/3
   122 | D:1      | Reached skill level 1 in Transmutations
   187 | D:1      | Reached XP level 2. HP: 15/15 MP: 0/5
   681 | D:1      | Reached XP level 3. HP: 19/19 MP: 2/6
   797 | D:1      | Learned a level 3 spell: Stone Arrow
  1241 | D:2      | Reached skill level 1 in Conjurations
  1309 | D:2      | Reached XP level 4. HP: 24/24 MP: 6/8
  2115 | D:3      | Reached XP level 5. HP: 25/28 MP: 6/9
  2440 | D:3      | Noticed a black bear
  2453 | D:3      | Killed a black bear
  2454 | D:3      | Reached skill level 5 in Earth Magic
  2792 | D:3      | Reached XP level 6. HP: 32/32 MP: 8/11
  3397 | D:4      | Noticed Robin
  3447 | D:4      | Killed Robin
  3698 | D:4      | Reached XP level 7. HP: 27/36 MP: 6/13
  3812 | D:4      | Reached skill level 1 in Shields
  3918 | D:4      | Found Xakhoes's CLEARANCE SALE!.
  4142 | D:4      | Found a blossoming altar of Fedhas.
  4663 | D:5      | Entered Level 5 of the Dungeon
  4771 | D:5      | Reached skill level 5 in Conjurations
  4804 | D:5      | Reached XP level 8. HP: 36/41 MP: 10/14
  4840 | D:5      | Found a glowing drain.
  4846 | D:5      | Noticed Ijyb
  4889 | D:5      | Killed Ijyb
  4968 | D:5      | Noticed Eustachio
  4982 | Sewer    | Entered a sewer
  5673 | D:5      | Reached skill level 5 in Spellcasting
  5868 | D:5      | Found an iron altar of Okawaru.
  6074 | D:5      | Reached skill level 5 in Shields
  6276 | D:5      | Found a runed translucent door.
  6277 | D:5      | Noticed Crazy Yiuf
  6334 | D:5      | Found a staircase to the Ecumenical Temple.
  6341 | Temple   | Entered the Ecumenical Temple
  6356 | Temple   | Became a worshipper of Vehumet
  6639 | D:5      | Killed Eustachio
  6640 | D:5      | Reached XP level 9. HP: 34/45 MP: 2/17
  7248 | D:6      | Found an ancient bone altar of Kikubaaqudgha.
  7775 | D:6      | Found a bloodstained altar of Trog.
  7804 | D:6      | Found an opulent altar of Gozag.
  7805 | D:6      | Found a shadowy altar of Dithmenos.
  7806 | D:6      | Found a white marble altar of Elyvilon.
  7809 | D:6      | Found a shimmering blue altar of Sif Muna.
  8343 | D:7      | Reached * piety under Vehumet
  8343 | D:7      | Offered knowledge of Magic Dart by Vehumet.
  8552 | D:7      | Shot with a bolt by an orc warrior

Illustrated notes

Levels and vault maps discovered:
D:1:      saegor_arrival_simple_d, layout_loops_cross
D:2:      layout_rooms
D:3:      layout_basic
D:4:      nicolae_cairo_tiling_large_dashed, layout_gridville,
          amcnicky_altar_gilded, nicolae_shop_clearance, uniq_robin
D:5:      layout_loops_ring, kennysheep_okawaru_gauntlet,
          minmay_temple_entry_junction_2, cheibrodos_sewer_entry_drain,
          nicolae_goblin_pals, uniq_crazy_yiuf_cottage, uniq_eustachio
D:6:      layout_cave_pools, minitemple, kiku_gazebo_garden_becter
D:7:      layout_loops_cross, minmay_fractal_squares_gapless_5
Temple:   zaba_magenta_temple

Skill      XL: |  1  2  3  4  5  6  7  8  9 |
---------------+----------------------------+-----
Transmutations | 1 2 4 |  4.0
Earth Magic    | 4 5 7 |  7.1
Conjurations   | 1 2 4 5 6 7 |  7.1
Spellcasting   | 3 4 5 6 |  6.0
Shields        | 3 5 7 |  7.4
Dodging        | |  1.5
Stealth        | |  2.1

Action                     |  1- 3 |  4- 6 |  7- 9 || total
---------------------------+-------+-------+-------++-------
  Melee: Hand axe          |     3 |       |       ||     3
         War axe           |       |     8 |       ||     8
         Spear             |       |    30 |    10 ||    40
         Punch             |       |     1 |       ||     1
         Dagger            |       |       |    44 ||    44
   Cast: Sandblast         |    46 |    90 |   176 ||   312
         Stone Arrow       |       |       |    36 ||    36
    Use: Scroll            |     1 |     1 |     7 ||     9
 Armour: Robe              |     7 |     1 |       ||     8
         Leather armour    |       |     4 |       ||     4
         Scale mail        |       |     2 |       ||     2
         Ring mail         |       |    79 |   130 ||   209
  Dodge: Dodged            |    13 |    81 |   116 ||   210
